AoeStats
← Bluechecker

Arena

510656784Analyzed
1v1 RM · 18h ago on Oct 2, 2026· 38m 43s· 2 players
Game mode
Random Map
Map size
Tiny (2 player)
Population
200
Speed
Normal
Resources
Standard
Victory
Conquest
Starting age
Dark Age
Ending age
Imperial Age
RankedLock teamsTeams togetherTeam positionsShared explorationLock speedFull tech treeHidden civsTurbo modeCheats
Victory
Defeat
🇦🇷 Burgundians · Argentina
815
+14
🇳🇿 Celts · New Zealand
770
-14
Bluechecker
9:14 Loom
12:17 Feudal Age
10:35 Loom
16:43 Castle Age
15:20 Double-Bit Axe
15:19 Horse Collar
17:43 Fletching
19:27 Scale Mail Armor
20:30 Gold Mining
21:52 Town Watch
22:32 Stone Mining
23:42 Chain Mail Armor
29:23 Bodkin Arrow
Tormund
6:15 Loom
7:14 Double-Bit Axe
8:37 Wheelbarrow
12:30 Feudal Age
13:10 Horse Collar
17:15 Castle Age
16:02 Heavy Plow
18:51 Bow Saw
19:36 Scale Barding Armor
30:23 Fletching
35:19 Imperial Age
34:02 Forging
33:54 Town Watch
37:57 Two-Man Saw
37:28 Crop Rotation
37:33 Chain Barding Armor
Connection lost

Rejoining the realm…

Still unreachable

The connection could not be restored.

Session expired

The server has moved on; the page needs a fresh start.